Map: Acolyte LE

Players

Eleven

  • Race: Zerg Zerg
  • League: Diamond
  • Spawn Location: 7:00

A.I. 1 (Very Easy) - Winner!

  • Race: Zerg Zerg
  • Spawn Location: 1:00

VOD

Have the link to the VOD?

Description

Time

  • Played on: May 4, 2021, 4:21 a.m.
  • Length: 8:11
Show
View Real Time Build Order
Export as new Build Order

Eleven Zerg 

Build Orders: Hatch First 

Get SALT Encoding   

  12  0:01  Drone  
  13  0:12  Overlord  
  13  0:17  Drone  
  14  0:30  Drone  
  14  0:31  Drone  
  16  0:50  Hatchery  
  16  0:52  Drone  
  16  0:55  Drone  
  17  0:58  Drone  
  18  1:09  Extractor  
  17  1:15  Spawning Pool  
  17  1:17  Drone  
  17  1:20  Drone  
  18  1:28  Drone  
  19  1:39  Drone  
  20  1:49  Overlord  
  20  2:01  Queen  
  20  2:02  Queen  
  20  2:03  Zergling x4  
  26  2:11  Drone  
  26  2:13  Drone  
  28  2:21  Drone  
  29  2:23  Drone  
  30  2:31  Hatchery  
  30  2:32  Drone  
  30  2:37  Overlord  
  30  2:45  Overlord  
  30  2:50  Queen  
  32  2:55  Metabolic Boost  
  32  2:57  Drone  
  33  3:00  Drone  
  33  3:01  Drone  
  33  3:05  Drone  
  36  3:08  Drone  
  36  3:10  Drone  
  36  3:11  Drone  
  39  3:14  Drone  
  39  3:15  Drone  
  39  3:19  Drone  
  42  3:26  Drone  
  43  3:28  Queen  
  45  3:35  Overlord  
  45  3:42  Queen  
  45  3:44  Drone x3  
  45  3:45  Drone x2  
  45  3:46  Overlord  
  52  3:55  Drone  
  52  3:56  Drone x2  
  52  4:00  Drone  
  52  4:01  Drone x2  
  58  4:05  Zergling x6  
  61  4:13  Zergling x2  
  61  4:16  Zergling x4  
  64  4:23  Overlord  
  64  4:28  Overlord  
  64  4:30  Drone x4  
  68  4:36  Drone  
  68  4:37  Drone  
  70  4:42  Drone x2  
  70  4:43  Overlord x2  
  72  4:46  Lair  
  72  4:50  Baneling Nest  
  72  4:51  Drone x2, Evolution Chamber  
  72  4:52  Drone, Evolution Chamber  
  73  4:55  Drone  
  73  4:56  Drone  
  74  5:00  Extractor  
  74  5:01  Extractor  
  74  5:03  Drone, Extractor  
  74  5:04  Drone x3, Extractor x2  
  74  5:05  Drone x2  
  75  5:07  Overlord  
  75  5:15  Drone x2  
  75  5:20  Queen  
  79  5:24  Drone x3  
  79  5:25  Drone, Hatchery  
  82  5:33  Overlord  
  82  5:35  Drone  
  82  5:36  Drone  
  82  5:37  Drone  
  82  5:38  Drone x2  
  87  5:43  Zerg Ground Armor Level 1  
  87  5:44  Centrifical Hooks  
  87  5:58  Hatchery  
  86  6:07  Overlord x3  
  86  6:11  Zerg Melee Weapons Level 1  
  86  6:12  Zergling x20  
  96  6:27  Hydralisk Den  
  96  6:29  Drone  
  96  6:30  Drone x7  
  103  6:34  Queen  
  103  6:39  Queen  
  105  6:42  Drone x5  
  112  6:48  Drone x3  
  112  6:50  Baneling x4  
  112  6:51  Baneling x4  
  112  6:52  Drone  
  116  7:00  Drone x5  
  116  7:01  Drone x3  
  124  7:03  Extractor x2  
  124  7:06  Infestation Pit  
  121  7:09  Drone x4  
  121  7:10  Queen, Lurker Den  
  126  7:23  Hatchery  
  125  7:31  Zergling x24  
  125  7:32  Hydralisk x5  
  147  7:37  Overlord  
  147  7:44  Overlord  
  147  7:53  Spire, Overlord x3  
Show
View Real Time Build Order
Export as new Build Order

A.I. 1 (Very Easy) Zerg - Winner!

Build Orders: Hatch First 

Get SALT Encoding   

  12  0:01  Drone  
  13  0:12  Overlord  
  13  0:17  Drone  
  14  0:43  Hatchery  
  14  0:46  Drone  
  14  1:06  Spawning Pool  
  14  1:07  Extractor  
  14  1:09  Drone  
  13  1:17  Drone  
  14  1:23  Overlord  
  14  1:54  Zergling x2, Queen  
  15  1:56  Zergling x2  
  18  2:04  Roach Warren  
  17  2:08  Drone  
  17  2:12  Extractor  
  17  2:16  Drone  
  17  2:20  Zergling x2  
  19  2:25  Drone  
  20  2:33  Drone  
  21  2:40  Drone  
  22  2:47  Drone  
  23  2:54  Drone  
  24  3:01  Drone  
  25  3:08  Drone  
  25  3:12  Roach  
  28  3:15  Overlord  
  28  3:19  Drone  
  29  3:27  Drone  
  30  3:34  Drone  
  31  3:41  Drone  
  32  3:48  Drone  
  33  3:50  Overlord  
  33  3:55  Drone  
  34  4:00  Lair  
  34  4:02  Drone  
  35  4:03  Roach  
  37  4:10  Drone  
  38  4:17  Drone  
  39  4:25  Drone  
  40  4:32  Drone  
  40  4:33  Overlord  
  41  4:39  Drone  
  42  4:46  Drone  
  43  4:53  Drone  
  43  4:55  Roach  
  43  4:57  Overseer  
  43  4:58  Overseer  
  46  5:01  Drone  
  46  5:05  Extractor  
  46  5:08  Drone  
  46  5:12  Extractor  
  46  5:15  Drone  
  47  5:22  Drone  
  48  5:30  Drone  
  49  5:37  Drone  
  50  5:44  Drone  
  50  5:46  Roach  
Tags
 
League
Diamond
Matchup
ZvZ
Race
Zerg
Spawn Locations
Cross Positions
Add a new tag
Caveats
  • Supply blocks, unpowered buildings, or Contaminate may cause inaccurate times.
  • Supply counts are checked every 10 seconds.